 Dungeon Crawl Stone Soup version 0.27-a0-1456-gf5a116941d (webtiles) character file.

Game seed: 400325265513991432

18 pokeman the Magician (level 2, -7/16 HPs)
             Began as a Deep Elf Hedge Wizard on July 7, 2021.
             Mangled by Jessica (9 damage)
             ... on level 2 of the Dungeon.
             The game lasted 00:03:34 (1202 turns).

pokeman the Magician (Deep Elf Hedge Wizard)        Turns: 1202, Time: 00:03:35

Health: -7/16      AC:  6    Str:  7    XL:     2   Next: 51%
Magic:  6/9        EV: 11    Int: 18    God:
Gold:   37         SH:  0    Dex: 14    Spells: 9/10 levels left

rFire    . . .     SeeInvis +   h - +0 dagger (drain)
rCold    . . .     Faith    .   (no shield)
rNeg     . . .     Spirit   .   f - +0 leather armour
rPois    .         Reflect  .   c - +0 hat
rElec    .         Harm     .   (no cloak)
rCorr    .         Rampage  .   e - +2 pair of gloves
Will     .....                  (no boots)
Stlth    ++........             (no amulet)
HPRegen  0.05/turn              d - ring of see invisible
MPRegen  0.11/turn              (no ring)

@: no status effects
A: no striking features
a: no special abilities


You were on level 2 of the Dungeon.
You visited 1 branch of the dungeon, and saw 2 of its levels.

You collected 37 gold pieces.

Inventory:

Hand Weapons
 h - a +0 dagger of draining (weapon)
Armour
 c - a +0 hat (worn)
 e - a +2 pair of gloves (worn)
 f - a +0 leather armour (worn)
Jewellery
 d - a ring of see invisible (left hand)
Scrolls
 a - a scroll of teleportation {unknown}
 b - 2 scrolls of identify {unknown}
Potions
 g - a potion of berserk rage {unknown}
 i - a potion of attraction {unknown}


   Skills:
 + Level 0.5 Fighting
 + Level 0.5 Armour
 - Level 2.4 Dodging
 - Level 2.4 Stealth
 * Level 4.9 Spellcasting
 + Level 1.5 Conjurations
 - Level 1.1 Summonings
 - Level 1.1 Translocations


You had 9 spell levels left.
You knew the following spells:

 Your Spells              Type           Power      Damage    Failure   Level
a - Magic Dart            Conj           40%        1d5       11%         1

Your spell library contained the following spells:

 Spells                   Type           Power      Damage    Failure   Level
 Blink                    Tloc           N/A        N/A       19%         2
 Call Imp                 Summ           8%         N/A       19%         2
 Pain                     Necr           16%        1d4       21%         1
 Slow                     Hex            4%         N/A       30%         2
 Conjure Flame            Conj/Fire      7%         6-21      38%         3
 Mephitic Cloud           Conj/Pois/Air  6%         N/A       43%         3
 Confusing Touch          Hex            4%         N/A       52%         3
 Vampiric Draining        Necr           2%         2d6       52%         3
 Agony                    Necr           4%         N/A       99%         5
 Excruciating Wounds      Necr           2%         N/A       99%         5


Dungeon Overview and Level Annotations

Branches:
Dungeon (2/15)

Altars:
Gozag

Shops:
D:1 ?

Annotations:
D:2 Jessica, Sigmund


Message History

You now have 33 gold pieces (gained 6).
You now have 37 gold pieces (gained 4).
Jessica the Apprentice Sorceress comes into view.
She is wielding a +3 dagger.
Jessica shouts!
Casting: Magic Dart (safe; 11% risk of failure)
Confirm with . or Enter, or press ? or * to list all spells.
Aiming: Magic Dart (safe; 11% risk of failure)
Press: ? - help, Shift-Dir - straight line, f - Jessica
Aim: Jessica, wielding a +3 dagger and wearing a +0 robe (100% to hit)
The magic dart hits Jessica.
Jessica is moderately wounded.
Casting: Magic Dart (safe; 11% risk of failure)
Confirm with . or Enter, or press ? or * to list all spells.
Aiming: Magic Dart (safe; 11% risk of failure)
Press: ? - help, Shift-Dir - straight line, f/p - Jessica
Aim: Jessica, wielding a +3 dagger and wearing a +0 robe (moderately wounded, 100% to hit)
The magic dart hits Jessica.
Jessica is heavily wounded.
Jessica gestures at you while chanting. Pain shoots through your body!
Ouch! That really hurt!
* * * LOW HITPOINT WARNING * * *
Casting: Magic Dart (safe; 11% risk of failure)
Confirm with . or Enter, or press ? or * to list all spells.
Aiming: Magic Dart (safe; 11% risk of failure)
Press: ? - help, Shift-Dir - straight line, f/p - Jessica
Aim: Jessica, wielding a +3 dagger and wearing a +0 robe (heavily wounded, 100% to hit)
The magic dart hits Jessica but does no damage.
Jessica is heavily wounded.
Jessica barely misses you.
You hit Jessica.
Jessica is severely wounded.
Jessica hits you with a +3 dagger.
* * * LOW HITPOINT WARNING * * *
Unknown command.
You hit Jessica but do no damage.
Jessica is severely wounded.
Jessica hits you with a +3 dagger!
Ouch! That really hurt!
You die...

#.## ..## #.## ... #.##
#.. #.## .. #... #.##
####'## ######..# #......
......@.# #...... #@##
#...... #..# #......
#########.## #......
#..........# #......
#..........## #......
#...........# .#########
#.........#.## .##...####
#.........#..# .##.......
############.##.##....###


You could see Jessica.

Vanquished Creatures
  A bat (D:2)
  4 endoplasms
  A giant cockroach (D:1)
  2 goblins (D:1)
  A hobgoblin (D:1)
  3 kobolds (D:1)
  A quokka (D:1)
  A frilled lizard (D:1)
  2 rats (D:1)
16 creatures vanquished.

Notes
Turn   | Place    | Note
-------+----------+-------------------------------------------
     0 | D:1      | pokeman the Deep Elf Hedge Wizard began the quest for the
                  | Orb.
     0 | D:1      | Reached XP level 1. HP: 10/10 MP: 7/7
   295 | D:1      | Found a faded altar of an unknown god.
   414 | D:1      | Reached XP level 2. HP: 16/16 MP: 7/9
   708 | D:1      | Found Hean's Magic Scroll Boutique.
  1131 | D:2      | Found an opulent altar of Gozag.
  1139 | D:2      | Noticed Sigmund
  1197 | D:2      | Noticed Jessica
  1202 | D:2      | Mangled by Jessica

Illustrated notes

Levels and vault maps discovered:
D:1:      roderic_chinese_lattice_arrival, layout_rooms,
          chequers_ecumenical_altar_lobes, serial_shops, nicolae_square_shop
D:2:      layout_basic, basic_altar, uniq_jessica, uniq_terence, uniq_sigmund

Action                   || total
-------------------------++-------
Melee: Dagger            ||     2
 Cast: Magic Dart        ||    47
Armor: Leather armour    ||     1
Dodge: Dodged            ||     6

Table legend: (Time is in decaauts)
 A = Elapsed time spent in this place.
 B = Non-inter-level travel time spent in this place.
 C = Inter-level travel time spent in this place.
 D = Time resting spent in this place.
 E = Time spent auto-exploring this place.
 F = Levels seen in this place.
 G = Mean time per level.
                   A        B        C        D        E       F      G
               +--------+--------+--------+--------+--------+-----+--------+
         Total |   1200 |   1195 |      5 |      0 |   1070 |   2 |  600.0 |
       Dungeon |   1200 |   1195 |      5 |      0 |   1070 |   2 |  600.0 |
               +--------+--------+--------+--------+--------+-----+--------+

Top non-repeatable levels by time:
     D:1: 830 daAuts
     D:2: 370 daAuts
